 Dungeon Crawl Stone Soup version 0.18-a0-896-g1c42501 (webtiles) character file.

662 Enish the Slinger (level 7, -10/44 HPs)
             Began as a Halfling Hunter on Dec 24, 2015.
             Was an Initiate of Gozag.
             Killed from afar by a battlesphere (12 damage)
             ... created by a deep elf mage
             ... on level 4 of the Dungeon.
             The game lasted 00:11:48 (3492 turns).

Enish the Slinger (Halfling Hunter)                 Turns: 3492, Time: 00:11:50

Health: -10/44     AC:  5    Str: 12    XL:     7   Next: 87%
Magic:  7/7        EV: 16    Int: 10    God:    Gozag
Gold:   511        SH:  0    Dex: 22    Spells: 0 memorised, 6 levels left

rFire  . . .     SeeInvis .     b - +3 hunting sling
rCold  . . .     Gourm    .     c - +0 leather armour
rNeg   . . .     Faith    .     (shield restricted)
rPois  .         Spirit   .     (no helmet)
rElec  .         Dismiss  .     p - +1 cloak
rCorr  .         Reflect  .     (no gloves)
SustAt .         Harm     .     (no boots)
MR     .....                    (no amulet)
Stlth  ++........               (no ring)
                                i - +5 ring of dexterity

@: not resistant to hostile enchantments, unstealthy
A: mutation resistance 1
a: Potion Petition, Call Merchant, Bribe Branch, Renounce Religion


You were on level 4 of the Dungeon.
You worshipped Gozag.
Gozag was noncommittal.
You were not hungry.

You visited 1 branch of the dungeon, and saw 4 of its levels.

You collected 531 gold pieces.
You paid 20 gold pieces to Gozag.

Inventory:

Hand Weapons
 a - a +0 dagger of venom
 b - a +3 hunting sling (weapon)
 q - a +3 quarterstaff of chaos
Missiles
 d - 6 sling bullets (quivered)
 g - 9 poisoned needles
 h - 41 stones
 z - 15 tomahawks
Armour
 c - a +0 leather armour (worn)
 p - a +1 cloak (worn)
Jewellery
 i - a +5 ring of dexterity (left hand)
Wands
 l - a wand of fireball (4/15)
 t - a wand of invisibility (7/9)
Scrolls
 e - a scroll of remove curse
 j - a scroll of enchant armour
 u - 3 scrolls of recharging
 w - a scroll of fear
Potions
 m - a potion of degeneration
 n - a potion of agility
 o - a potion of cancellation
 r - 2 potions of poison
 s - 2 potions of lignification
 v - a potion of brilliance {unknown}
 x - a potion of magic {unknown}
 A - a potion of might {unknown}
Miscellaneous
 y - a plain deck of summoning
Comestibles
 f - 2 bread rations
 B - a meat ration


   Skills:
 - Level 1.7 Fighting
 - Level 12.0 Slings
 * Level 3.4 Dodging
 - Level 1.1 Stealth


You had 6 spell levels left.
You didn't know any spells.

Dungeon Overview and Level Annotations

Branches:
Dungeon (4/15)
 Temple: D:4-7

Altars:
Fedhas
Gozag
Makhleb
Nemelex Xobeh
Trog

Annotations:
D:4 2 runed doors


Innate Abilities, Weirdness & Mutations

You are small and have problems with some larger weapons.
You are somewhat resistant to further mutation.


Message History

Aim: a deep elf mage, wielding a dagger (lightly wounded)
You shoot a sling bullet.
The sling bullet hits the deep elf mage!
The deep elf mage is heavily wounded.
The deep elf mage casts a spell at you. The lance of force hits you!
* * * LOW HITPOINT WARNING * * *
The battlesphere fires!
The barrage of energy hits you!
* * * LOW HITPOINT WARNING * * *
You are too injured to fight recklessly!
Drink which item? (? for menu, Esc to quit)
You can't drink that!
Drink which item? (? for menu, Esc to quit)
You feel better.
The deep elf mage gestures at you while chanting.
The magic dart hits you!
* * * LOW HITPOINT WARNING * * *
The battlesphere fires!
The barrage of energy hits you!
You die...
Your body crumbles into a pile of gold.

#####.#,*,**,+.##++##..#
###.....#,**,**###8..8##.##
........##,*,,* *8,...8#..#
.........#***** *,,...[#..#
..#####..#***** *,,...$#..#
######..##,,,,* *8,a..8#..#
#.....#,,**#####8..8##..#
#.....#,**,#.$.##''##...# #
#...#.#,*,#.$#@e(....(..# #
#.....#,**##,#.....###.##
###.....##,,,,##.........#
.........######*.....#####
.....................#
......#..............#
###...##.............# #
#...##<............# #
######..#.....######


You could see a deep elf mage and a battlesphere.

Vanquished Creatures
  An ice beast (D:4)
  2 ogres
  A scorpion (D:4)
  2 hounds
  Crazy Yiuf (D:2)
  An orc wizard (D:3)
  Terence (D:2)
  A worker ant (D:4)
  8 adders
  2 oozes
  2 worms (D:2)
  9 orcs
  10 bats
  A giant cockroach (D:1)
  11 hobgoblins
  A quokka (D:2)
  A ball python (D:1)
  3 giant geckos
  9 giant newts
  7 goblins
  9 kobolds
  12 rats
95 creatures vanquished.

Notes
Turn   | Place    | Note
--------------------------------------------------------------
     0 | D:1      | Enish the Halfling Hunter began the quest for the Orb.
     0 | D:1      | Reached XP level 1. HP: 14/14 MP: 1/1
    16 | D:1      | Reached skill level 6 in Slings
    16 | D:1      | Reached XP level 2. HP: 14/19 MP: 2/2
   396 | D:1      | Reached skill level 7 in Slings
   396 | D:1      | Reached XP level 3. HP: 24/24 MP: 3/3
   947 | D:2      | Found an opulent altar of Gozag.
  1195 | D:2      | Reached skill level 8 in Slings
  1195 | D:2      | Reached XP level 4. HP: 25/29 MP: 4/4
  1331 | D:2      | Noticed Crazy Yiuf
  1346 | D:2      | Killed Crazy Yiuf
  1346 | D:2      | Reached skill level 9 in Slings
  1346 | D:2      | Reached XP level 5. HP: 34/34 MP: 5/5
  1586 | D:2      | Became a worshipper of Gozag Ym Sagoz the Greedy
  1700 | D:2      | Noticed Terence
  1710 | D:2      | Killed Terence
  1733 | D:2      | Found a burning altar of Makhleb.
  1945 | D:3      | Found a bloodstained altar of Trog.
  2380 | D:3      | Reached XP level 6. HP: 39/39 MP: 6/6
  2417 | D:3      | Reached skill level 10 in Slings
  2670 | D:3      | Found a sparkling altar of Nemelex Xobeh.
  3035 | D:4      | Found a blossoming altar of Fedhas.
  3040 | D:4      | Reached skill level 11 in Slings
  3040 | D:4      | Reached XP level 7. HP: 42/44 MP: 7/7
  3214 | D:4      | Reached skill level 12 in Slings
  3224 | D:4      | Found a large runed door.
  3224 | D:4      | Found a large runed door.
  3447 | D:4      | Found a large runed door.
  3447 | D:4      | Found a large runed door.
  3477 | D:4      | Noticed a deep elf mage
  3492 | D:4      | HP: 2/44 [deep elf mage/magic dart (7)]
  3492 | D:4      | Killed from afar by a battlesphere

Vault maps used:
D:1:      dpeg_arrival_boxorama
D:2:      grunt_gozag_statues, makhleb_blood_cavern_becter,
          uniq_crazy_yiuf_cottage, uniq_terence
D:3:      kennysheep_six_static_rooms, lemuel_crystal_altar, first_bread,
          nemelex_deck
D:4:      old_standard_altar, minmay_misc_feat_enclosed,
          minmay_hollow_rounded_squares

Action                   |  1- 3 |  4- 6 |  7- 9 || total
-------------------------+-------+-------+-------++-------
Melee: Short sword       |    12 |       |       ||    12
       Dagger            |     8 |       |       ||     8
 Fire: Hunting sling     |   103 |   149 |    51 ||   303
Throw: Stone             |     2 |       |       ||     2
  Use: Scroll            |     5 |     1 |    10 ||    16
       Potion            |       |       |     1 ||     1
  Eat: Chunk             |       |     1 |       ||     1
       Meat ration       |       |     1 |       ||     1
       Bread ration      |       |       |     1 ||     1
